 Dungeon Crawl Stone Soup version 0.24.0-125-gc4c63601f3 (webtiles) character file.

Game seed: 16649785536555385900, levelgen mode: deterministic

191 Frank2 the Cudgeler (level 5, -2/40 HPs)
             Began as a Demonspawn Gladiator on Mar 15, 2020.
             Killed from afar by an orc wizard (7 damage)
             ... with a magic dart
             ... on level 2 of the Dungeon.
             The game lasted 00:02:36 (1820 turns).

Frank2 the Cudgeler (Demonspawn Gladiator)          Turns: 1820, Time: 00:02:37

Health: -2/40      AC:  8    Str: 15    XL:     5   Next: 41%
Magic:  5/5        EV: 12    Int:  9    God:
Gold:   137        SH:  0    Dex: 15    Spells: 4/4 levels left

rFire    . . .     SeeInvis .   a - +0 flail
rCold    . . .     Gourm    .   (no shield)
rNeg     . . .     Faith    .   j - +0 ring mail
rPois    .         Spirit   .   c - +0 helmet
rElec    .         Reflect  .   (no cloak)
rCorr    .         Harm     .   (no gloves)
MR       .....                  (no boots)
Stlth    +.........             (no amulet)
HPRegen  0.13/turn              (no ring)
MPRegen  0.09/turn              (no ring)

@: slowed, very slow
A: talons 1, iridescent scales 1, powered by death 2
a: no special abilities


You were on level 2 of the Dungeon.
You were not hungry.

You visited 1 branch of the dungeon, and saw 3 of its levels.

You collected 137 gold pieces.

Inventory:

Hand Weapons
 a - a +0 flail (weapon)
Missiles
 d - 3 throwing nets (quivered)
Armour
 c - a +0 helmet (worn)
 j - a +0 ring mail (worn)
Scrolls
 b - 2 scrolls of amnesia
 g - a scroll of identify
Potions
 e - a potion of flight
 i - a potion of curing
Comestibles
 f - 4 rations
 h - 3 chunks of flesh


   Skills:
 + Level 2.8 Fighting
 + Level 4.4 Maces & Flails
 - Level 1.7 Throwing
 + Level 1.2 Armour
 + Level 3.6 Dodging


You had 4 spell levels left.
You didn't know any spells.
Your spell library contained the following spells:

 Spells                   Type           Power        Failure   Level  Hunger
 Magic Dart               Conj           #...         61%         1    ##.....
 Blink                    Tloc           N/A          75%         2    ###....
 Call Imp                 Summ           #.......     75%         2    ###....
 Slow                     Hex            #.......     75%         2    ###....
 Conjure Flame            Conj/Fire      #.......     93%         3    ####...
 Mephitic Cloud           Conj/Pois/Air  #.......     93%         3    ####...


Dungeon Overview and Level Annotations

Branches:
Dungeon (3/15)

Altars:
Cheibriados


Innate Abilities, Weirdness & Mutations

You have sharp toenails.
You are partially covered in iridescent scales. (AC +2)
You regenerate health from kills.


Message History

The orc wizard hits you but does no damage.
The giant cockroach bites you but does no damage.
The orc wizard barely misses you.
Unknown command.
You closely miss the orc wizard. Your kick misses the orc wizard.
The giant cockroach bites you but does no damage.
The orc wizard hits you with a +0 dagger.
The giant cockroach misses you.
The orc wizard hits you with a +0 dagger.
The giant cockroach closely misses you.
You thump the orc wizard! You claw the orc wizard.
The orc wizard is severely wounded.
The orc wizard misses you. The orc wizard casts a spell at you.
The magic dart hits you!
* * * LOW HITPOINT WARNING * * *
The giant cockroach bites you but does no damage.
The orc wizard casts a spell at you. The magic dart hits you!
You die...

######....###..#+##
.....'....+....#.#
######....####.#.#######
#.'....'..).........#
#.#....####.........#
#.......).#.........#
############.#.........#
...........#.#.s.......##########
##########.#.#.#@......'.........
#.#.#.##o.....##########
#.#.#.####..............
#.#.#.####.#############
#.#.#........†..........
#.#.######.############# #.#.#
#(############# #.#.#
#(..(.(.)...... #.#.#
###############


You could see an orc wizard and a giant cockroach.

Vanquished Creatures
  A gnoll shaman (D:3)
  4 gnolls (D:3)
  3 adders
  2 oozes
  3 worms (D:2)
  6 dart slugs
  2 leopard geckos (D:1)
  4 orcs (D:3)
  4 bats
  2 giant cockroaches (D:1)
  3 goblins (D:2)
  8 hobgoblins
  4 jackals (D:1)
  5 kobolds
  A quokka (D:3)
  3 ball pythons
  3 frilled lizards
  10 rats
68 creatures vanquished.

Notes
Turn   | Place    | Note
-------+----------+-------------------------------------------
     0 | D:1      | Frank2 the Demonspawn Gladiator began the quest for the
                  | Orb.
     0 | D:1      | Reached XP level 1. HP: 16/16 MP: 1/1
    65 | D:1      | Gained mutation: You regenerate a little health from kills.
                  | [demonic ancestry]
    65 | D:1      | Reached XP level 2. HP: 21/22 MP: 2/2
   260 | D:1      | Reached skill level 3 in Maces & Flails
   287 | D:1      | Gained mutation: You have sharp toenails. [demonic
                  | ancestry]
   287 | D:1      | Reached XP level 3. HP: 12/27 MP: 3/3
  1038 | D:2      | Gained mutation: You regenerate health from kills. [demonic
                  | ancestry]
  1038 | D:2      | Reached XP level 4. HP: 31/34 MP: 4/4
  1106 | D:2      | Found a snail-covered altar of Cheibriados.
  1691 | D:3      | Reached skill level 4 in Maces & Flails
  1691 | D:3      | Reached skill level 1 in Armour
  1701 | D:3      | Gained mutation: You are partially covered in iridescent
                  | scales. (AC +2) [demonic ancestry]
  1701 | D:3      | Reached XP level 5. HP: 30/39 MP: 5/5
  1820 | D:2      | Killed from afar by an orc wizard

Levels and vault maps discovered:
D:1:      lightli_arrival_statue_moat, layout_basic,
          chequers_serial_rivers_micro_e
D:2:      layout_basic, first_ration, kennysheep_slug_shrine
D:3:      layout_basic, yredelemnul_forgotten_temple_becter

Skill      XL: |  1  2  3  4 |
---------------+-------------+-----
Dodging        | 3 |  3.6
Maces & Flails | 3 4 |  4.4
Armour         | 1 |  1.2
Fighting       | |  2.8
Throwing       | |  1.7

Action                   |  1- 3 |  4- 6 || total
-------------------------+-------+-------++-------
Melee: Flail             |   102 |    90 ||   192
       Kick              |    13 |    22 ||    35
  Use: Scroll            |     2 |     5 ||     7
       Potion            |       |     1 ||     1
  Eat: Chunk             |       |     3 ||     3
Armor: Leather armour    |    18 |       ||    18
       Ring mail         |    19 |    51 ||    70
Dodge: Dodged            |    90 |    71 ||   161
